 Dungeon Crawl Stone Soup version 0.32-a0-685-g93135e86f0 (webtiles) character file.

Game seed: 6806447357389924540

181 growler the Prestidigitator (level 5, -2/55 HPs)
             Began as a Coglin Artificer on Mar 12, 2024.
             Was a Believer of Zin (penitent).
             Killed from afar by a dart slug (3 damage)
             ... with a slug dart
             ... on level 4 of the Dungeon.
             The game lasted 00:07:32 (2515 turns).

growler the Prestidigitator (Coglin Artificer)      Turns: 2515, Time: 00:07:32

Health: -2/55      AC: 22    Str: 15    XL:     5   Next: 61%
Magic:  5/5        EV:  2    Int: 10    God:    Zin [**....]
Gold:   114        SH:  0    Dex: 14    Spells: 4/4 levels left

rFire   . . .        j - +2 dagger (elec) {Ujjalroop}
rCold   . . .        f - +0 dagger {Juhanna}
rNeg    . . .        b - melded +0 leather armour
rPois   +            (helmet currently unavailable)
rElec   .            (cloak currently unavailable)
rCorr   .            (gloves currently unavailable)
SInv    .            (boots currently unavailable)
Will    .....        (no amulet)
Stlth   ++           (no ring)
HPRegen 0.29/turn    (no ring)
MPRegen 0.09/turn    (no gizmo)

%: no passive effects
@: tree-form, revved
A: stationary, stasis, torment immunity, boosted hp, off-hand wielding, slow
wielding, warmup strikes, (no jewellery)
a: Invent Gizmo, Renounce Religion, Donate Gold


You were on level 4 of the Dungeon.
You worshipped Zin.
Zin was demanding penance.
You were a tree.
You visited 1 branch of the dungeon, and saw 4 of its levels.

You collected 126 gold pieces.
You donated 12 gold pieces to Zin.

Inventory:

Hand Weapons
 a - a +0 club {Gottfried}
 f - a +0 dagger (offhand) {Juhanna}
 j - a +2 dagger of electrocution (weapon) {Ujjalroop}
Armour
 b - a +0 leather armour (melded)
Wands
 c - a wand of flame (15) (quivered)
 d - a wand of charming (15)
 e - a wand of iceblast (4)
Scrolls
 g - 5 scrolls of identify
 i - 3 scrolls of fog {unknown}
 o - a scroll of teleportation {unknown}
 p - a scroll of summoning {unknown}
Potions
 h - a potion of mutation {unknown}
 k - a potion of enlightenment {unknown}
 m - a potion of heal wounds {unknown}
 n - a potion of brilliance {unknown}


   Skills:
 - Level 1.0 Fighting
 - Level 1.7 Armour
 - Level 0.8 Dodging
 - Level 0.7 Stealth
 + Level 8.1 Evocations


You had 4 spell levels left.
You didn't know any spells.
Your spell library contained the following spells:

 Spells                   Type           Power      Damage    Failure   Level
 Apportation              Tloc           0%         N/A       36%         1
 Jinxbite                 Hex            0%         N/A       50%         2
 Alistair's Intoxication  Alch           0%         N/A       100%        5


Dungeon Overview and Level Annotations

Branches:
Dungeon (4/15)
 Temple: D:4-7

Altars:
Xom
Yredelemnul
Zin

Shops:
D:3 *


Innate Abilities, Weirdness & Mutations

You are a tree.
Your roots penetrate the ground, keeping you stationary.
You cannot be teleported.
You are immune to unholy pain and torment.
Your maximum health is greatly increased.
Your equipment is partially melded.
You can wield a second weapon in your off-hand.
It takes a long time for you to wield or remove held weapons.
Your first few attacks do less damage.
((You cannot equip rings or amulets.))


Message History

You hit the phantom but do no damage.
The phantom is severely damaged.
You barely miss the phantom with your +2 dagger of electrocution.
The ball python bites you. The ball python constricts you.
The phantom hits you.
The phantom blinks!
You blink.
The ball python loses its grip on you.
Found a white potion.
Unknown command.
You hit the phantom with your +0 dagger.
The phantom is severely damaged.
You hit the phantom but do no damage. The dart slug launches a dart at you.
The slug dart hits you.
* * * LOW HITPOINT WARNING * * *
The phantom closely misses you.
You miss the phantom with your +0 dagger.
The phantom is severely damaged.
You barely miss the phantom with your +2 dagger of electrocution.
The phantom closely misses you. The dart slug barely misses you.
Unknown command.
You miss the phantom with your +0 dagger.
The phantom is severely damaged.
You hit the phantom with your +2 dagger of electrocution.
The iguana bites you!
* * * LOW HITPOINT WARNING * * *
The phantom barely misses you.
Unknown command.
As you read the scroll labelled HYNGAN YRURI, it crumbles to dust.
It is a scroll of identify.
l - a potion of lignification The dart slug bites you but does no damage.
The phantom barely misses you. The iguana barely misses you.
You turn into a tree.
Your +0 leather armour melds into your body.
Your roots penetrate the ground.
You feel extremely guilty. "You will pay for your transgression, mortal!"
The ball python bites you.
* * * LOW HITPOINT WARNING * * *
The dart slug launches a dart at you. The slug dart hits you.
You die...

##......##
##........#
#.....!....
#..........
#...........
#..........
#..w.......
##W♣......##
#..Sl......#
#..........#
#..........#
...........#
##..........#
.........!##
........<.##
###....###


You could see a phantom, an iguana, a dart slug and a ball python.

Vanquished Creatures
  Natasha (thrice) (D:2)
  4 adders
  2 ribbon worms (D:2)
  2 dart slugs (D:1)
  3 bats
  4 endoplasms
  3 giant cockroaches
  6 goblins
  8 hobgoblins
  3 quokkas
  7 ball pythons
  7 frilled lizards
  6 kobolds
  6 rats
64 creatures vanquished.

Notes
Turn   | Place    | Note
-------+----------+-------------------------------------------
     0 | D:1      | growler the Coglin Artificer began the quest for the Orb.
     0 | D:1      | Reached XP level 1. HP: 15/15 MP: 1/1
    10 | D:1      | Found a faded altar of an unknown god.
    25 | D:1      | Prayed at the altar of an unknown god.
    25 | D:1      | Became a worshipper of Zin the Law-Giver
    25 | D:1      | Reached * piety under Zin
   118 | D:1      | Reached XP level 2. HP: 9/21 MP: 2/2
   122 | D:1      | Reached skill level 5 in Evocations
   238 | D:1      | HP: 1/21 [quokka (3)]
   257 | D:1      | Reached XP level 3. HP: 7/26 MP: 3/3
   832 | D:2      | Reached skill level 6 in Evocations
   900 | D:2      | Reached ** piety under Zin
   936 | D:2      | Noticed Natasha
   943 | D:2      | Killed Natasha
   944 | D:2      | Reached XP level 4. HP: 24/32 MP: 4/4
  1049 | D:2      | Noticed Natasha
  1063 | D:2      | Killed Natasha
  1064 | D:2      | Reached skill level 7 in Evocations
  1136 | D:2      | Reached XP level 5. HP: 24/37 MP: 5/5
  1162 | D:2      | Noticed Natasha
  1165 | D:2      | Killed Natasha
  1177 | D:2      | Found a shimmering altar of Xom.
  1756 | D:3      | Found a basalt altar of Yredelemnul.
  1908 | D:3      | Found Ywion's General Store.
  1945 | D:3      | Reached skill level 8 in Evocations
  2502 | D:4      | Noticed a phantom
  2513 | D:4      | HP: 1/37 [iguana (10)]
  2515 | D:4      | Was placed under penance by Zin
  2515 | D:4      | Killed from afar by a dart slug

Illustrated notes

Levels and vault maps discovered:
D:1:      lightli_arrival_flooded_house, layout_loops_ring,
          hellmonk_ecumenical_altar_pennies_from_heaven
D:2:      layout_rooms, basic_altar, uniq_natasha
D:3:      layout_basic, mainiacjoe_overflow_tiny_flanked, serial_shops, shop
D:4:      layout_rooms, mainiacjoe_overflow_alcove_1,
          minmay_temple_entry_slanted, enter_ossuary_3

Skill      XL: |  1  2  3  4  5 |
---------------+----------------+-----
Evocations     | 5 6 7 8 |  8.1
Fighting       | |  1.0
Armour         | |  1.7
Dodging        | |  0.8
Stealth        | |  0.7

Action                     |  1- 3 |  4- 6 || total
---------------------------+-------+-------++-------
  Melee: Club              |    39 |       ||    39
         Dagger            |   109 |   138 ||   247
 Invoke: Recite            |       |     1 ||     1
  Evoke: Wand              |     1 |       ||     1
    Use: Scroll            |       |     1 ||     1
         Potion            |       |     1 ||     1
   Stab: Sleeping          |       |     1 ||     1
 Armour: Leather armour    |    48 |    65 ||   113
         Skin              |       |     2 ||     2
  Dodge: Dodged            |    50 |    37 ||    87

Table legend: (Time is in decaauts)
 A = Elapsed time spent in this place.
 B = Non-inter-level travel time spent in this place.
 C = Inter-level travel time spent in this place.
 D = Time resting spent in this place.
 E = Time spent auto-exploring this place.
 F = Levels seen in this place.
 G = Mean time per level.
                   A        B        C        D        E       F      G
               +--------+--------+--------+--------+--------+-----+--------+
         Total |   2538 |   2463 |     75 |    159 |   1833 |   4 |  634.5 |
       Dungeon |   2538 |   2463 |     75 |    159 |   1833 |   4 |  634.5 |
               +--------+--------+--------+--------+--------+-----+--------+

Top non-repeatable levels by time:
     D:3: 1070 daAuts
     D:1: 791 daAuts
     D:2: 663 daAuts
     D:4: 12 daAuts
